 Dungeon Crawl Stone Soup version 0.30-a0-760-g5a9884bb7c (webtiles) character file.

Game seed: 5200894481105106994

51 mopl the Sneak (level 3, 0/18 HPs)
             Began as a Vine Stalker Brigand on Feb 10, 2023.
             Succumbed to an adder's poison
             ... on level 2 of the Dungeon.
             The game lasted 00:01:20 (1259 turns).

mopl the Sneak (Vine Stalker Brigand)               Turns: 1259, Time: 00:01:20

Health: 0/18       AC:  2    Str: 13    XL:     3   Next: 83%
Magic:  1/4        EV: 11    Int: 11    God:
Gold:   92         SH:  0    Dex: 17    Spells: 2/2 levels left

rFire   . . .      SeeInvis .    a - +2 dagger
rCold   . . .      Faith    .    (no shield)
rNeg    . . .      Spirit   +    b - +0 robe
rPois   .          Reflect  .    (no helmet)
rElec   .          Harm     .    f - scarf {repulsion}
rCorr   .          Rampage  .    (no gloves)
Will    .....                    (no boots)
Stlth   +++                      (no amulet)
HPRegen 0.23/turn                (no ring)
MPRegen 0.09/turn                (no ring)

@: lethally poisoned (0 -> -10), repel missiles
A: fangs 2, magic shield, antimagic bite, no potion heal 2
a: no special abilities


You were on level 2 of the Dungeon.
You visited 1 branch of the dungeon, and saw 2 of its levels.

You collected 92 gold pieces.

Inventory:

Hand Weapons
 a - a +2 dagger (weapon)
 i - a +1 sling of freezing
Missiles
 d - 9 poisoned darts (quivered)
 e - 3 curare-tipped darts
Armour
 b - a +0 robe (worn)
 c - a +0 cloak
 f - a scarf of repulsion (worn)
Jewellery
 n - a ring of fire
Scrolls
 g - 2 scrolls of immolation {unknown}
 h - 4 scrolls of teleportation {unknown}
 l - a scroll of identify {unknown}
Potions
 j - 2 potions of curing {unknown}
 k - a potion of invisibility {unknown}
 m - a potion of degeneration {unknown}
 o - a potion of flight {unknown}
 p - a potion of berserk rage {unknown}


   Skills:
 - Level 1.7 Fighting
 + Level 2.5 Short Blades
 + Level 2.5 Throwing
 - Level 0.7 Dodging
 + Level 5.5 Stealth


You had 2 spell levels left.
You didn't know any spells.
Your spell library contained the following spells:

 Spells                   Type           Power      Damage    Failure   Level
 Slow                     Hex            0%         N/A       34%         1
 Confusing Touch          Hex            0%         N/A       71%         3
 Vampiric Draining        Necr           0%         2d6       71%         3


Dungeon Overview and Level Annotations

Branches:
Dungeon (2/15)

Altars:
Xom

Shops:
D:2 [


Innate Abilities, Weirdness & Mutations

You have extremely sharp teeth.
When hurt, damage is shared between your health and your magic reserves.
Your bite disrupts and absorbs the magic of your enemies.
Potions cannot restore your health.


Message History

You feel invigorated.
The adder is lightly wounded.
You feel sick. The adder closely misses you.
You hit the adder. You bite the adder, but do no damage.
The adder is moderately wounded.
You feel sick. The adder closely misses you.
You miss the adder. Your bite misses the adder.
The adder is moderately wounded.
You feel sick. The adder bites you.
You are more poisoned.
The adder poisons you!
You are too injured to fight recklessly!
You are too injured to fight recklessly!
You are too injured to fight recklessly!
You are too injured to fight recklessly!
You are too injured to fight recklessly!
You are too injured to fight recklessly!
You are too injured to fight recklessly!
You are too injured to fight recklessly!
You are too injured to fight recklessly!
You are too injured to fight recklessly!
You are too injured to fight recklessly!
You are too injured to fight recklessly!
You are too injured to fight recklessly!
You barely miss the adder. Your bite misses the adder.
The adder is moderately wounded.
You feel sick. The adder completely misses you.
You hit the adder.
The adder is severely wounded.
You feel sick. The adder bites you but does no damage.
You completely miss the adder.
The adder is severely wounded.
You feel sick. The adder bites you.
* * * LOW HITPOINT WARNING * * *
You are lethally poisoned!
The adder poisons you! The adder bites you.
* * * LOW HITPOINT WARNING * * *
You hit the adder.
The adder is almost dead.
You die...

..##...##...#
#...##.##...###.##
#...##.##.(.# #.###
#...##.##.#.###....
#...##.##.#.....###
#...##.##.#######
#...##.#..#
#.S.##...##
#'#####@###.#.#
#.......##..#.#
######.....##.#
########.### ##
#...# #. #.#.# #.
#.#.# #. #.#.# #.
#.#.# ##.


You could see an adder.

Vanquished Creatures
  An adder (D:2)
  A worm (D:2)
  4 ball pythons
  3 endoplasms
  A giant cockroach (D:1)
  4 goblins
  3 hobgoblins
  4 kobolds
  3 quokkas
  4 bats (D:1)
  2 frilled lizards
  9 rats
39 creatures vanquished.

Notes
Turn   | Place    | Note
-------+----------+-------------------------------------------
     0 | D:1      | mopl the Vine Stalker Brigand began the quest for the Orb.
     0 | D:1      | Reached XP level 1. HP: 11/11 MP: 2/2
   152 | D:1      | Reached skill level 2 in Throwing
   152 | D:1      | Reached skill level 5 in Stealth
   180 | D:1      | Reached skill level 2 in Short Blades
   180 | D:1      | Reached XP level 2. HP: 15/15 MP: 3/3
   387 | D:1      | Reached XP level 3. HP: 18/18 MP: 4/4
   651 | D:2      | Found Orussuig's Antique Armour Boutique.
   888 | D:2      | Found a shimmering altar of Xom.
  1259 | D:2      | Succumbed to an adder's poison

Illustrated notes

Levels and vault maps discovered:
D:1:      ncdulo_smallfort, layout_loops_ring, hangedman_decor_lopped,
          minmay_tetromino_i4
D:2:      layout_loops_ring, basic_altar, serial_shops, shop,
          minmay_misc_feat_enclosed, minmay_misc_feat_hallway, nrook_uturn,
          grunt_ministairs_5, corexii_hall_statues_i, grunt_decor_clamped

Skill      XL: |  1 |
---------------+----+-----
Throwing       | 2 |  2.5
Stealth        | 5 |  5.5
Short Blades   | 2 |  2.5
Fighting       | |  1.7
Dodging        | |  0.7

Action                     || total
---------------------------++-------
  Melee: Dagger            ||    71
         Bite              ||    12
   Stab: Sleeping          ||    17
 Armour: Robe              ||     9
  Dodge: Dodged            ||    22

Table legend: (Time is in decaauts)
 A = Elapsed time spent in this place.
 B = Non-inter-level travel time spent in this place.
 C = Inter-level travel time spent in this place.
 D = Time resting spent in this place.
 E = Time spent auto-exploring this place.
 F = Levels seen in this place.
 G = Mean time per level.
                   A        B        C        D        E       F      G
               +--------+--------+--------+--------+--------+-----+--------+
         Total |   1251 |   1217 |     34 |      0 |    969 |   2 |  625.5 |
       Dungeon |   1251 |   1217 |     34 |      0 |    969 |   2 |  625.5 |
               +--------+--------+--------+--------+--------+-----+--------+

Top non-repeatable levels by time:
     D:2: 653 daAuts
     D:1: 597 daAuts
